 Dungeon Crawl Stone Soup version 0.31.0-7-gf635a9b802 (webtiles) character file.

Game seed: 16245684910955591832

806 Amaterasu the Ruffian (level 7, -2/61 HPs)
             Began as a Ghoul Monk on Jan 23, 2024.
             Was a Believer of Makhleb.
             Slain by an ogre
             ... wielding a +0 giant spiked club
              (5 damage)
             ... on level 5 of the Dungeon.
             The game lasted 00:07:26 (3372 turns).

Amaterasu the Ruffian (Ghoul Monk)                  Turns: 3372, Time: 00:07:26

Health: -2/61      AC: 22    Str: 24    XL:     7   Next: 91%
Magic:  8/8        EV:  7    Int:  9    God:    Makhleb [**....]
Gold:   295        SH:  0    Dex: 11    Spells: 6/6 levels left

rFire   . .          .
                       - Unarmed
rCold   + . .        c - orb {light}
rNeg    + + +        k - +5 plate armour of Uxocotafoi {rPois Str+7}
rPois   ∞            (no helmet)
rElec   .            f - +0 cloak
rCorr   .            (no gloves)
SInv    .            j - +0 pair of boots
Will    .....        (no amulet) Stlth
                     n - +4 ring of protection
HPRegen 0.00/turn    (no ring)
MPRegen 0.11/turn

%: no passive effects
@: inhibited regen, glowing, studying Spellcasting
A: claws 1, cold resistance 1, negative energy resistance 3, inhibited
regeneration, torment resistance 2, devour on kill
a: Renounce Religion, Minor Destruction


You were on level 5 of the Dungeon.
You worshipped Makhleb.
Makhleb was pleased with you.
You visited 2 branches of the dungeon, and saw 6 of its levels.

You collected 295 gold pieces.

Inventory:

Missiles
 q - 5 poisoned darts (quivered)
Armour
 c - an orb of light (worn)
 f - a +0 cloak (worn)
 j - a +0 pair of boots (worn)
 k - the +5 plate armour of Uxocotafoi (worn) {rPois Str+7}
   (You found it on level 2 of the Dungeon)

   Str+7:     It affects your strength (+7).
   rPois:     It protects you from poison
 m - an orb of energy
Jewellery
 n - a +4 ring of protection (left claw)
 o - a ring of protection from cold
Wands
 b - a wand of flame (23)
Scrolls
 d - 2 scrolls of fog
 l - a scroll of blinking
 p - 3 scrolls of poison
 r - a scroll of noise {unknown}
 s - 2 scrolls of teleportation {unknown}
 u - a scroll of identify
 v - a scroll of enchant armour {unknown}
 w - a scroll of amnesia {unknown}
Potions
 a - a potion of lignification
 e - 2 potions of enlightenment
 g - a potion of cancellation
 h - a potion of heal wounds {unknown}
 i - 2 potions of curing {unknown}
 t - a potion of degeneration {unknown}


   Skills:
 * Level 5.2 Fighting
 * Level 3.6 Armour
 - Level 2.6 Dodging
 * Level 7.4 Unarmed Combat
 * Level 1.6 Invocations


You had 6 spell levels left.
You didn't know any spells.
Your spell library was empty.

Dungeon Overview and Level Annotations

Branches:
Dungeon (5/15)             Temple (1/1) D:4

Altars:
Ashenzari
Fedhas
Hepliaklqana
Kikubaaqudgha
Makhleb
Nemelex Xobeh
Okawaru
Qazlal
Ru
Uskayaw
Vehumet
Wu Jian
Yredelemnul

Shops:
D:5 [*


Innate Abilities, Weirdness & Mutations

You are immune to poison.
You have sharp fingernails.
Your flesh is cold resistant. (rC+)
You are immune to negative energy. (rN+++)
You do not regenerate when monsters are visible.
You are immune to unholy pain and torment.
You thrive by killing the living.


Message History

Found an escape hatch in the ceiling.
There is an entrance to Qepn's General Store here.
A jelly comes into view.
The jelly quivers.
You claw the jelly!
Your claws burn!
The jelly is severely wounded.
The jelly barely misses you.
You scratch the jelly. The acid corrodes you!
Your claws burn!
The jelly is almost dead.
The jelly hits you but does no damage.
You scratch the jelly.
You kill the jelly!
Makhleb accepts your kill.
You feel better.
No target in view!
No target in view!
There is an escape hatch in the ceiling here.
An ogre comes into view. It is wielding a +0 giant spiked club.
The ogre shouts!
You hear a bark!
The ogre hits you with a +0 giant spiked club!!
You scratch the ogre.
The ogre is moderately wounded.
You scratch the ogre.
The ogre is moderately wounded.
The ogre hits you with a +0 giant spiked club!
You are too injured to fight recklessly!
You are too injured to fight recklessly!
You are too injured to fight recklessly!
You scratch the ogre but do no damage.
The ogre is moderately wounded.
The ogre hits you with a +0 giant spiked club!!
* * * LOW HITPOINT WARNING * * *
You scratch the ogre.
The ogre is moderately wounded.
You are no longer corroded.
There is an escape hatch in the ceiling here.
There is an entrance to Qepn's General Store here.
The ogre attacks as it pursues you!
The ogre hits you with a +0 giant spiked club.
You die...

..###.#######.####...
..##........†...<.... #
........#####)####.##.#
#.##....# #.# #.8...#
........## #.###..#
###......# #.....<# #
#......# ######.#
###......#########∩#
................@O.#
####...#########..8#
##### ##..# ####


You could see an ogre.

Vanquished Creatures
  A hornet (D:5)
  A black bear (D:5)
  An ogre (D:4)
  A scorpion (D:3)
  A bombardier beetle (D:5)
  2 jellies (D:5)
  An orc priest (D:5)
  Ijyb (D:4)
  2 orc wizards (D:5)
  A gnoll (D:1)
  6 adders
  An ufetubus (D:5)
  5 dart slugs
  2 ribbon worms (D:2)
  6 orcs
  8 bats
  8 endoplasms
  7 giant cockroaches
  3 goblins
  8 hobgoblins
  3 jackals (D:1)
  3 quokkas
  6 ball pythons
  3 frilled lizards (D:1)
  9 kobolds
  3 rats (D:1)
93 creatures vanquished.

Notes
Turn   | Place    | Note
-------+----------+-------------------------------------------
     0 | D:1      | Amaterasu the Ghoul Monk began the quest for the Orb.
     0 | D:1      | Reached XP level 1. HP: 19/19 MP: 1/1
    55 | D:1      | Reached XP level 2. HP: 20/26 MP: 2/2
    59 | D:1      | Reached skill level 4 in Unarmed Combat
   441 | D:1      | Reached XP level 3. HP: 29/31 MP: 3/3
   994 | D:1      | Reached skill level 5 in Unarmed Combat
  1460 | D:2      | Identified the +5 plate armour of Uxocotafoi {rPois Str+7}
  1502 | D:2      | Reached XP level 4. HP: 38/38 MP: 4/4
  1542 | D:2      | Reached skill level 1 in Armour
  1971 | D:3      | Noticed a scorpion
  1989 | D:3      | Killed a scorpion
  1990 | D:3      | Reached XP level 5. HP: 47/47 MP: 5/5
  2164 | D:3      | Identified the +5 flail of Ambiguity {antimagic, rC+}
  2775 | D:4      | Found a staircase to the Ecumenical Temple.
  2792 | Temple   | Entered the Ecumenical Temple
  2798 | Temple   | Became a worshipper of Makhleb the Destroyer
  2798 | Temple   | Reached * piety under Makhleb
  2798 | Temple   | Reached ** piety under Makhleb
  2961 | D:4      | Reached XP level 6. HP: 55/55 MP: 6/6
  3026 | D:5      | Entered Level 5 of the Dungeon
  3026 | D:5      | Noticed Ijyb
  3055 | D:4      | Killed Ijyb
  3099 | D:5      | Reached skill level 6 in Unarmed Combat
  3104 | D:5      | Reached skill level 1 in Invocations
  3104 | D:5      | Reached XP level 7. HP: 60/60 MP: 7/7
  3108 | D:5      | Found Byseqaom's Armour Boutique.
  3153 | D:5      | Reached skill level 5 in Fighting
  3191 | D:5      | Noticed a hornet
  3209 | D:5      | Killed a hornet
  3210 | D:5      | Reached skill level 7 in Unarmed Combat
  3340 | D:5      | Found Qepn's General Store.
  3366 | D:5      | HP: 3/61 [ogre/+0 giant spiked club (27)]
  3372 | D:5      | Slain by an ogre

Illustrated notes

Levels and vault maps discovered:
D:1:      dpeg_arrival_long_road, layout_basic
D:2:      layout_loops_cross, minmay_tromino_v4_b
D:3:      layout_rooms, serial_bayou_crossing
D:4:      layout_basic, minmay_temple_entry_glass, minmay_manual_monolith
D:5:      layout_loops_ring, dk_xom_monty_hall, lemuel_round_altar,
          serial_shops, shop, shop_statue, nicolae_shop_stone, shop,
          st_stairs_1, nicolae_shop_clearance, uniq_crazy_yiuf_cottage,
          uniq_ijyb
Temple:   hellmonk_temple_two_chambers

Skill      XL: |  1  2  3  4  5  6  7 |
---------------+----------------------+-----
Unarmed Combat | 4 5 6 7 |  7.4
Armour         | 2 3 |  3.6
Fighting       | 4 5 |  5.2
Invocations    | 1 |  1.6
Dodging        | |  2.6

Action                     |  1- 3 |  4- 6 |  7- 9 || total
---------------------------+-------+-------+-------++-------
  Melee: Unarmed           |    93 |   126 |    35 ||   254
    Use: Scroll            |     3 |     5 |       ||     8
         Potion            |       |     1 |       ||     1
 Armour: Robe              |    33 |       |       ||    33
         Chain mail        |    10 |       |       ||    10
         Plate armour      |     1 |   100 |    34 ||   135
  Dodge: Dodged            |    40 |    42 |     9 ||    91
